 Dungeon Crawl Stone Soup version 0.30-a0-439-g9e77e4d916 (webtiles) character file.

Game seed: 3011115637987911477

46 helpme the Covered (level 3, 31/33 HPs)
             Began as a Minotaur Fighter on Dec 10, 2022.
             Quit the game on level 2 of the Dungeon on Dec 11, 2022.
             The game lasted 00:06:40 (257 turns).

helpme the Covered (Minotaur Fighter)                Turns: 257, Time: 00:06:40

Health: 31/33      AC:  7    Str: 22    XL:     3   Next: 46%
Magic:  2/2        EV:  9    Int:  5    God:
Gold:   21         SH:  4    Dex:  9    Spells: 2/2 levels left

rFire   . . .      SeeInvis .    a - +0 war axe
rCold   . . .      Faith    .    c - +0 buckler
rNeg    . . .      Spirit   .    b - +0 scale mail
rPois   .          Reflect  .    (helmet restricted)
rElec   .          Harm     .    (no cloak)
rCorr   .          Rampage  .    (no gloves)
Will    .....                    (no boots)
Stlth   ..........               (no amulet)
HPRegen 0.25/turn                (no ring)
MPRegen 0.08/turn                (no ring)

@: no status effects
A: horns 2, retaliatory headbutt
a: no special abilities


You were on level 2 of the Dungeon.
You visited 1 branch of the dungeon, and saw 2 of its levels.

You collected 21 gold pieces.

Inventory:

Hand Weapons
 a - a +0 war axe (weapon)
Armour
 b - a +0 scale mail (worn)
 c - a +0 buckler (worn)
Scrolls
 f - a scroll of teleportation {unknown}
 g - a scroll of brand weapon {unknown}
Potions
 d - a potion of might
 e - a potion of invisibility {unknown}


   Skills:
 + Level 4.1 Fighting
 + Level 3.1 Axes
 + Level 4.3 Armour
 + Level 0.6 Dodging
 + Level 3.9 Shields


You had 2 spell levels left.
You didn't know any spells.
Your spell library was empty.

Dungeon Overview and Level Annotations

Branches:
Dungeon (2/15)

Altars:


Innate Abilities, Weirdness & Mutations

You have a pair of horns on your head.
You reflexively headbutt those who attack you in melee.


Message History

The hobgoblin hits you but does no damage.
Your Axes skill increases to level 3!
You have reached level 3!
Your experience leads to an increase in your attributes!
Increase (S)trength, (I)ntelligence, or (D)exterity?
Uppercase letters only, please.
You feel stronger. x2
You barely miss the hobgoblin.
The hobgoblin is moderately wounded.
The hobgoblin hits you.
A worm comes into view.
You block the hobgoblin's attack.
You barely miss the hobgoblin.
The hobgoblin is moderately wounded.
You block the hobgoblin's attack.
You slice the hobgoblin!!
You kill the hobgoblin!
Things that are here:
a +0 club; a +0 animal skin; a +0 helmet
Found a scroll labelled LOTOUS WAWNANO.
The worm barely misses you.
You hit the worm.
The worm is moderately wounded.
You slash the worm!
You kill the worm!
You hit the giant cockroach.
You kill the giant cockroach!
You see here a giant cockroach corpse.
d - a potion of might
Things that are here:
a +0 club; a +0 animal skin; a +0 helmet
Things that are here:
a +0 club; a +0 club
Items here: ) †††.
Items here: ) †††.
You feel a little less mighty now.
You see here a +0 robe.
An adder comes into view.
Unknown command.
Are you sure you want to abandon this character and quit the game? (Confirm with "yes".)

#.. #.. ####). ####.....
###### ###..).##..
#####....#####...#####..
...........[)..#.# ##..
............).)..# #..<
##..@....).).># #....
#S....#.#.....#..##.....
#.... #.#........##.....
.... #†......##.##.....
........#.....##.###....
..............# .# #....
........####.## .....
.......## .... ....?#.
.....


You could see an adder (wandering).

Vanquished Creatures
  Robin (D:2)
  A worm (D:2)
  A dart slug (D:1)
  3 bats (D:1)
  A giant cockroach (D:2)
  9 goblins
  7 hobgoblins
  2 jackals (D:1)
  A frilled lizard (D:1)
26 creatures vanquished.

Notes
Turn   | Place    | Note
-------+----------+-------------------------------------------
     0 | D:1      | helpme the Minotaur Fighter began the quest for the Orb.
     0 | D:1      | Reached XP level 1. HP: 19/19 MP: 0/0
   122 | D:1      | Reached XP level 2. HP: 25/27 MP: 1/1
   216 | D:2      | Noticed Robin
   224 | D:2      | Killed Robin
   225 | D:2      | Reached XP level 3. HP: 26/33 MP: 2/2
   257 | D:2      | Quit the game

Illustrated notes

Levels and vault maps discovered:
D:1:      erik_arrival_orb_chamber, layout_rooms
D:2:      layout_rooms, uniq_robin

Skill      XL: |  1  2 |
---------------+-------+-----
Armour         | 4 |  4.3
Fighting       | 4 |  4.1
Axes           | 3 |  3.1
Dodging        | |  0.6
Shields        | |  3.9

Action                   || total
-------------------------++-------
Melee: War axe           ||    48
       Headbutt          ||     7
  Use: Potion            ||     1
Armor: Scale mail        ||    23
Dodge: Dodged            ||    18
Block: Buckler           ||    14

Table legend: (Time is in decaauts)
 A = Elapsed time spent in this place.
 B = Non-inter-level travel time spent in this place.
 C = Inter-level travel time spent in this place.
 D = Time resting spent in this place.
 E = Time spent auto-exploring this place.
 F = Levels seen in this place.
 G = Mean time per level.
                   A        B        C        D        E       F      G
               +--------+--------+--------+--------+--------+-----+--------+
         Total |    276 |    150 |    126 |      0 |      0 |   2 |  138.0 |
       Dungeon |    276 |    150 |    126 |      0 |      0 |   2 |  138.0 |
               +--------+--------+--------+--------+--------+-----+--------+

Top non-repeatable levels by time:
     D:1: 192 daAuts
     D:2: 83 daAuts
